 Dungeon Crawl Stone Soup version 0.31-a0-188-g5e087ee2ca (webtiles) character file.

Game seed: 8639397755035120406

25 qw the Shooter (level 2, -3/16 HPs)
             Began as a Deep Elf Hunter on June 23, 2023.
             Slain by a gnoll
             ... wielding a +0 spear
              (7 damage)
             ... on level 2 of the Dungeon.
             The game lasted 00:00:19 (870 turns).

qw the Shooter (Deep Elf Hunter)                     Turns: 870, Time: 00:00:20

Health: -3/16      AC:  5    Str:  8    XL:     2   Next: 86%
Magic:  4/4        EV: 10    Int: 13    God:
Gold:   106        SH:  0    Dex: 18    Spells: 1/1 levels left

rFire   . . .        Y - +0 shortbow (drain)
rCold   . . .        (shield currently unavailable)
rNeg    . . .        i - +0 ring mail
rPois   .            (no helmet)
rElec   .            (no cloak)
rCorr   .            (no gloves)
SInv    .            (no boots)
Will    .....        (no amulet)
Stlth   +            (no ring)
HPRegen 0.22/turn    (no ring)
MPRegen 0.09/turn

%: no passive effects
@: no status effects
A: no striking features
a: no special abilities


You were on level 2 of the Dungeon.
You visited 1 branch of the dungeon, and saw 2 of its levels.

You collected 106 gold pieces.


   Skills:
 - Level 1.5 Fighting
 + Level 6.5 Ranged Weapons
 - Level 2.4 Dodging
 - Level 1.2 Stealth


You had one spell level left.
You didn't know any spells.
Your spell library was empty.

Inventory:

Hand Weapons
 Y - a +0 shortbow of draining (weapon)
Armour
 i - a +0 ring mail (worn)
Scrolls
 a - a scroll of identify
 b - a scroll of enchant armour {unknown}
 c - a scroll of amnesia {unknown}
Potions
 f - a potion of curing
 k - a potion of lignification {unknown}

Dungeon Overview and Level Annotations

Branches:
Dungeon (2/15)

Altars:
Ru


Message History

Found a glowing mace.
The endoplasm quivers.
A gnoll comes into view. It is wielding a +0 whip.
A gnoll comes into view. It is wielding a +0 spear.
You shoot an arrow. The gnoll shouts!
The arrow hits the endoplasm!
You kill the endoplasm!
A ball python comes into view.
You shoot an arrow. The ball python hisses angrily.
The arrow hits the gnoll.
The gnoll is lightly wounded.
A gnoll comes into view. It is wielding a +0 halberd.
861 ||| Stepping ~*~*~tactically~*~*~ (outnumbered).
A gnoll and a rat come into view.
A kobold comes into view. It is wielding a +0 short sword.
The gnoll misses you.
A rat comes into view.
The rat moves out of view.
863 ||| Stepping ~*~*~tactically~*~*~ (outnumbered).
The kobold shouts!
The gnoll hits you with a +0 spear.
You shoot an arrow. The arrow closely misses the gnoll.
The gnoll hits you with a +0 spear.
866 ||| Stepping ~*~*~tactically~*~*~ (outnumbered).
The gnoll attacks as you move away! The gnoll hits you but does no damage.
The gnoll closely misses you.
You shoot an arrow. The arrow hits the gnoll.
You drain the gnoll.
The gnoll is heavily wounded.
The gnoll hits you from afar with a +0 spear!
You shoot an arrow.
The arrow hits the gnoll but does no damage.
The gnoll hits you but does no damage.
You shoot an arrow. The arrow hits the gnoll.
The gnoll is lightly wounded.
The gnoll hits you from afar with a +0 spear.
You shoot an arrow. The arrow closely misses the gnoll.
The gnoll hits you with a +0 spear!
You die...

#.##.......# .
#####.######...#
).
###..>...........#
..r
#...##.<######...#
..r. ######.##
#...# ....K####
#.# #...#
....gg.g# #.#
#...#
###g###.#####
#####
#<@g........#
#.......(...#
##..........#
#.%........#
##>........#
#........[..#
#.##........# ...
#........# ...
#..#######


You could see 3 gnolls.

Vanquished Creatures
  A dart slug (D:1)
  2 bats (D:1)
  6 endoplasms
  3 giant cockroaches
  3 goblins (D:1)
  2 kobolds (D:1)
  A ball python (D:2)
  A frilled lizard (D:1)
  A rat (D:1)
20 creatures vanquished.

Notes
Turn   | Place    | Note
-------+----------+-------------------------------------------
     0 | D:1      | qw the Deep Elf Hunter began the quest for the Orb.
     0 | D:1      | Reached XP level 1. HP: 12/12 MP: 3/3
     0 | D:1      | 0 ||| qw: Version: 0.3-a-9-g12657ce
     0 | D:1      | 0 ||| qw: Game counter: 3543
     0 | D:1      | 0 ||| qw: Always use a shield: true
     0 | D:1      | 0 ||| qw: God list: Okawaru
     0 | D:1      | 0 ||| qw: Allow faded altars: false
     0 | D:1      | 0 ||| qw: Do Orc after D:15 true
     0 | D:1      | 0 ||| qw: Do second Lair branch before Depths: true
     0 | D:1      | 0 ||| qw: Lair rune preference: random
     0 | D:1      | 0 ||| qw: Plans: Normal
     0 | D:1      | 0 ||| PLANNING D:1-11
    80 | D:1      | Reached XP level 2. HP: 16/16 MP: 4/4
   107 | D:1      | Reached skill level 6 in Ranged Weapons
   515 | D:1      | Found a faded altar of an unknown god.
   729 | D:1      | 729 ||| UPGRADING to +0 ring mail.
   739 | D:1      | 739 ||| DROPPING +0 leather armour.
   740 | D:1      | 740 ||| DROPPING ring of flight.
   741 | D:1      | 741 ||| READING 2 scrolls labelled HIOTYA XOWNUPSUFF.
   742 | D:1      | 742 ||| READING scroll labelled HITHOGREJO.
   743 | D:1      | 743 ||| READING scroll labelled YLEMU QIOGEUQU.
   744 | D:1      | 744 ||| READING scroll labelled MISEAZ HEYQOZ.
   745 | D:1      | 745 ||| DRINKING 2 fizzy cyan potions.
   746 | D:1      | 746 ||| DRINKING 2 bubbling orange potions.
   747 | D:1      | 747 ||| DROPPING scroll of butterflies.
   748 | D:1      | 748 ||| DROPPING potion of attraction.
   790 | D:2      | Found a sacrificial altar of Ru.
   861 | D:2      | 861 ||| Stepping ~*~*~tactically~*~*~ (outnumbered).
   863 | D:2      | 863 ||| Stepping ~*~*~tactically~*~*~ (outnumbered).
   866 | D:2      | 866 ||| Stepping ~*~*~tactically~*~*~ (outnumbered).
   869 | D:2      | HP: 4/16 [gnoll/+0 spear (2)]
   870 | D:2      | Slain by a gnoll

Levels and vault maps discovered:
D:1:      erik_arrival_triangle_small, layout_basic,
          hellmonk_ecumenical_altar_heavens_door
D:2:      minmay_skewed_foursquare, layout_rooms, basic_altar

Skill      XL: |  1  2 |
---------------+-------+-----
Ranged Weapons | 6 |  6.5
Fighting       | |  1.5
Dodging        | |  2.4
Stealth        | |  1.2

Action                     || total
---------------------------++-------
   Fire: Shortbow          ||    55
    Use: Scroll            ||     4
         Potion            ||     2
 Armour: Leather armour    ||     3
         Ring mail         ||     2
  Dodge: Dodged            ||     5

Table legend:
 A = Non-vault XP
 B = Vault XP
 C = Vault XP percentage of total XP
 D = Non-vault monster count
 E = Vault monster count
 F = Vault count percentage of total count
                 A         B        C        D         E       F
            +---------+---------+-------+---------+---------+-------
      Total |      37 |       0 |   0.0 |      20 |       0 |   0.0
            +---------+---------+-------+---------+---------+-------
        D:1 |      30 |       0 |   0.0 |      16 |       0 |   0.0
        D:2 |       7 |       0 |   0.0 |       4 |       0 |   0.0
            +---------+---------+-------+---------+---------+-------
